[Event "Titled Tuesday Blitz March 14 Late 2023"]
[White "Cramling Bellon, Anna"]
[Black "Fiorito, Joaquin"]
[WhiteFideId "32009232"]
[BlackFideId "180173"]
[WhiteElo "1972"]
[BlackElo "2157"]
[Result "0-1"]
[Round "01"]
[TimeControl "180+1"]
[Date "2023.03.14"]
[WhiteClock "0:00:10"]
[BlackClock "0:00:14"]

1. d4 Nf6 2. c4 e6 3. Nc3 Bb4 4. Qc2 O-O 5. e4 d5 6. e5 Ne4 7. Bd3 c5 8. cxd5 exd5 9. Nf3 Nc6 10. O-O Bg4 11. Nxe4 dxe4 12. Bxe4 Bxf3 13. Bxf3 Nxd4 14. Qe4 Nxf3+ 15. Qxf3 Qe7 16. Bf4 Rfd8 17. Rad1 c4 18. Qg3 Qe6 19. a3 Bc5 20. Qc3 b5 21. Bg3 a6 22. h3 Rac8 23. Kh2 Qb6 24. f4 Bd4 25. Qc2 a5 26. f5 b4 27. axb4 axb4 28. f6 g6 29. Qc1 Qc5 30. Qf4 Be3 31. Rxd8+ Rxd8 32. Qh4 Qd5 33. Re1 Bd2 34. Re2 h5 35. e6 fxe6 36. Rf2 Kf7 37. Bf4 Bxf4+ 38. Qxf4 Qd6 39. Qxd6 Rxd6 40. g4 hxg4 41. hxg4 Rd4 42. g5 Rg4 43. Rg2 Rxg2+ 44. Kxg2 c3 45. bxc3 bxc3 46. Kf3 c2 47. Ke4 c1=Q 48. Ke5 Qxg5+ 49. Kd6 Qxf6 50. Kd7 g5 51. Kc8 g4 52. Kb8 g3 53. Kb7 Ke7 54. Ka8 0-1


[Site "https://www.chess.com"]

[Event "Titled Tuesday Blitz March 14 Late 2023"]
[White "Davidson, Kevin"]
[Black "Costachi, Mihnea"]
[WhiteFideId "2056810"]
[BlackFideId "1217518"]
[WhiteElo "2151"]
[BlackElo "2456"]
[Result "1-0"]
[Round "01"]
[TimeControl "180+1"]
[Date "2023.03.14"]
[WhiteClock "0:00:06"]
[BlackClock "0:00:52"]

1. e4 e5 2. Nf3 Nc6 3. Bb5 a6 4. Ba4 d6 5. O-O Bd7 6. c3 g6 7. d4 Bg7 8. Be3 Nf6 9. Nbd2 O-O 10. h3 Re8 11. dxe5 Nxe5 12. Nxe5 dxe5 13. Bxd7 Qxd7 14. Qb3 Qc6 15. f3 Rad8 16. Rad1 Rd3 17. Nc4 Rxd1 18. Rxd1 b6 19. Bf2 Nh5 20. Ne3 Nf4 21. Nd5 h5 22. Nxf4 exf4 23. Qd5 Qa4 24. Qd7 Qxd7 25. Rxd7 Be5 26. Bd4 Bd6 27. Kf2 b5 28. e5 Bxe5 29. Bxe5 Rxe5 30. Rxc7 Re6 31. b3 Re3 32. g3 g5 33. gxf4 gxf4 34. h4 Kg7 35. Rc5 f6 36. b4 Kg6 37. c4 Ra3 38. cxb5 Rxa2+ 39. Kg1 axb5 40. Rxb5 Rb2 41. Rb8 Kf5 42. b5 Ke6 43. b6 Kd7 44. Kf1 Kc6 45. Rf8 Kxb6 46. Rb8+ Kc6 47. Rxb2 Kd5 48. Re2 f5 49. Ke1 1-0


[Site "https://www.chess.com"]

[Event "Titled Tuesday Blitz March 14 Late 2023"]
[White "Deviprasath, Sharvesh"]
[Black "Kramnik, Vladimir"]
[WhiteFideId "30938228"]
[BlackFideId "4101588"]
[WhiteElo "2168"]
[BlackElo "2712"]
[Result "1/2-1/2"]
[Round "01"]
[TimeControl "180+1"]
[Date "2023.03.14"]
[WhiteClock "0:00:09"]
[BlackClock "0:00:59"]

1. Nf3 Nf6 2. c4 e6 3. Nc3 c5 4. e3 Nc6 5. d4 d5 6. cxd5 exd5 7. Bb5 cxd4 8. Nxd4 Bd7 9. O-O Bd6 10. Be2 O-O 11. Bf3 Be6 12. Nxc6 bxc6 13. b3 Qe7 14. Bb2 Rfd8 15. Ne2 c5 16. Rc1 Rac8 17. Qc2 h5 18. Ng3 g6 19. Qc3 d4 20. exd4 Bxg3 21. d5 Bh4 22. dxe6 Qxe6 23. Rfe1 Qf5 24. g3 Rd3 25. Qe5 Qxf3 26. gxh4 Rd2 27. Qxf6 Qg4+ 28. Kh1 Rxb2 29. Qxb2 Qf3+ 30. Kg1 Qg4+ 31. Kh1 Qf3+ 32. Kg1 Qg4+ 33. Kh1 1/2-1/2


[Site "https://www.chess.com"]

[Event "Titled Tuesday Blitz March 14 Late 2023"]
[White "Di Berardino, Diego Rafael"]
[Black "Harish, Neeraj"]
[WhiteFideId "2105446"]
[BlackFideId "30958130"]
[WhiteElo "2432"]
[BlackElo "1963"]
[Result "0-1"]
[Round "01"]
[TimeControl "180+1"]
[Date "2023.03.14"]
[WhiteClock "0:00:06"]
[BlackClock "0:00:04"]

1. d4 d5 2. Nf3 Nf6 3. Bf4 c5 4. e3 Nc6 5. Nbd2 Nh5 6. Bg5 h6 7. Bh4 g5 8. Ne5 Nxe5 9. Qxh5 Bg4 10. Bg3 Bxh5 11. Bxe5 Rg8 12. Bb5+ Qd7 13. Bxd7+ Kxd7 14. dxc5 f6 15. Bg3 e5 16. Nb3 Rc8 17. f3 Bxc5 18. Nxc5+ Rxc5 19. O-O-O Rgc8 20. Rd2 Bg6 21. c3 Rb5 22. e4 d4 23. h4 Ke6 24. Rc2 dxc3 25. Rxc3 Rxc3+ 26. bxc3 g4 27. h5 Bh7 28. Rd1 gxf3 29. gxf3 Rc5 30. Kb2 Rc8 31. Bf2 a6 32. Be3 f5 33. Bxh6 fxe4 34. fxe4 Bxe4 35. Bg7 Bh7 36. h6 e4 37. Bd4 Rg8 38. Rf1 Rg2+ 39. Kb3 Rh2 40. Rf6+ Kd5 41. Rb6 Rh3 42. Kb4 e3 43. Rxb7 e2 44. Re7 Rxh6 45. Re5+ Kd6 46. Rxe2 Bd3 47. Rf2 Rh1 0-1


[Site "https://www.chess.com"]

[Event "Titled Tuesday Blitz March 14 Late 2023"]
[White "Di Nicolantonio, Lucas"]
[Black "Biriukov, Ilja"]
[WhiteFideId "680460"]
[BlackFideId "4113373"]
[WhiteElo "2358"]
[BlackElo "2426"]
[Result "0-1"]
[Round "01"]
[TimeControl "180+1"]
[Date "2023.03.14"]
[WhiteClock "0:00:08"]
[BlackClock "0:00:21"]

1. Nf3 Nf6 2. c4 g6 3. Nc3 Bg7 4. g3 b6 5. Bg2 Bb7 6. O-O c5 7. d4 cxd4 8. Qxd4 O-O 9. Rd1 d6 10. Qh4 Nbd7 11. Bh6 Qc8 12. b3 a6 13. Rac1 Qc7 14. Nd5 Nxd5 15. cxd5 Qd8 16. Ng5 Nf6 17. e4 Rc8 18. Bh3 Rxc1 19. Rxc1 b5 20. Be6 Qa5 21. e5 dxe5 22. b4 Qb6 23. Nxf7 Rxf7 24. Be3 Qd8 25. Qg5 Nxd5 26. Rd1 Bf6 27. Qg4 Kg7 28. Bxf7 Kxf7 29. Bc5 e6 30. h4 h5 31. Qe2 Nc3 32. Rxd8 Nxe2+ 33. Kf1 Bxd8 34. Kxe2 Be7 35. Bb6 Bxb4 36. Bc7 a5 37. Bxe5 a4 38. Bb2 Be7 39. f4 Bd5 40. Kd3 b4 41. a3 bxa3 42. Ba1 0-1


[Site "https://www.chess.com"]

[Event "Titled Tuesday Blitz March 14 Late 2023"]
[White "Diaz Perez, Michel Alejandro"]
[Black "Abrosimov, Vladimir"]
[WhiteFideId "3517179"]
[BlackFideId "4166892"]
[WhiteElo "2333"]
[BlackElo "2336"]
[Result "1-0"]
[Round "01"]
[TimeControl "180+1"]
[Date "2023.03.14"]
[WhiteClock "0:02:11"]
[BlackClock "0:01:22"]

1. Nf3 d5 2. c4 c6 3. e3 Bf5 4. Nc3 h6 5. cxd5 cxd5 6. Qb3 Nf6 7. Qxb7 Nbd7 8. Nxd5 Nxd5 9. Qxd5 Be6 10. Qe4 Nc5 11. Bb5+ Bd7 12. Bxd7+ Nxd7 13. b3 e6 14. Bb2 Rc8 15. O-O Nf6 16. Qa4+ Nd7 17. Rfc1 Rg8 18. Ne5 Bd6 19. Nxd7 Rxc1+ 20. Rxc1 Qxd7 21. Rc8+ Ke7 22. Qxd7+ Kxd7 23. Rxg8 g6 24. g4 1-0


[Site "https://www.chess.com"]

[Event "Titled Tuesday Blitz March 14 Late 2023"]
[White "Dinu, Dumitru-Daniel"]
[Black "Sanal, Vahap"]
[WhiteFideId "1208403"]
[BlackFideId "6300545"]
[WhiteElo "2240"]
[BlackElo "2606"]
[Result "0-1"]
[Round "01"]
[TimeControl "180+1"]
[Date "2023.03.14"]
[WhiteClock "0:00:12"]
[BlackClock "0:01:28"]

1. e4 e5 2. Nf3 Nc6 3. Bb5 a6 4. Ba4 Nf6 5. d3 b5 6. Bb3 Bc5 7. O-O O-O 8. Re1 h6 9. Nbd2 d6 10. c3 Bb6 11. Nf1 Be6 12. Bc2 d5 13. exd5 Nxd5 14. Ne3 Re8 15. Nxd5 Bxd5 16. Be3 Qf6 17. Nd2 Rad8 18. Bxb6 cxb6 19. Qe2 Qg6 20. g3 b4 21. Qe3 b5 22. Rac1 bxc3 23. bxc3 Qd6 24. Ne4 Qa3 25. c4 Bxe4 26. Qxe4 Nd4 27. cxb5 Rc8 28. bxa6 Nxc2 29. Red1 Qxa6 30. Rd2 Nd4 31. Rxc8 Rxc8 32. Kg2 Qa5 33. Rb2 Qa8 34. Rb7 Ne6 35. Kg1 Nc5 0-1


[Site "https://www.chess.com"]

[Event "Titled Tuesday Blitz March 14 Late 2023"]
[White "Drygalov, Andrey"]
[Black "Urquhart, Ed"]
[WhiteFideId "24171735"]
[BlackFideId "2603748"]
[WhiteElo "2471"]
[BlackElo "2184"]
[Result "1-0"]
[Round "01"]
[TimeControl "180+1"]
[Date "2023.03.14"]
[WhiteClock "0:00:28"]
[BlackClock "0:00:02"]

1. e4 c5 2. Nf3 e6 3. d4 cxd4 4. Nxd4 Nc6 5. Nc3 Qc7 6. Be2 a6 7. Nxc6 dxc6 8. Qd3 e5 9. Qg3 Nf6 10. O-O Be6 11. Kh1 Be7 12. f4 exf4 13. Bxf4 Qb6 14. Be5 Nd7 15. Qxg7 O-O-O 16. Bg3 Rhg8 17. Qh6 Rg6 18. Qf4 Bg5 19. Qf3 h5 20. Na4 Qd4 21. b3 h4 22. Rad1 Qh8 23. Bf2 h3 24. g3 Be7 25. Qe3 Rf6 26. Qa7 Qh7 27. Qe3 Qg6 28. Kg1 Rg8 29. Rd4 Nc5 30. Nb6+ Kb8 31. Rfd1 Qg5 32. Qxg5 Rxg5 33. Nc4 1-0


[Site "https://www.chess.com"]

[Event "Titled Tuesday Blitz March 14 Late 2023"]
[White "Dubov, Daniil"]
[Black "Sokolin, Leonid"]
[WhiteFideId "24126055"]
[BlackFideId "2009161"]
[WhiteElo "2802"]
[BlackElo "2394"]
[Result "1-0"]
[Round "01"]
[TimeControl "180+1"]
[Date "2023.03.14"]
[WhiteClock "0:00:07"]
[BlackClock "0:00:11"]

1. d4 Nf6 2. c4 c5 3. d5 b5 4. cxb5 a6 5. Nc3 axb5 6. e4 b4 7. Nb5 d6 8. a4 g6 9. Bc4 Bg7 10. Qe2 O-O 11. Nf3 Bg4 12. O-O Nbd7 13. h3 Bxf3 14. Qxf3 Ne5 15. Qe2 Nxc4 16. Qxc4 Nd7 17. Qc2 Nb6 18. Be3 Qd7 19. b3 Bxa1 20. Rxa1 f6 21. Kh2 Qb7 22. Rd1 Rfc8 23. Qd2 Nd7 24. Qe2 Rf8 25. h4 Rf7 26. f4 f5 27. e5 dxe5 28. fxe5 Nxe5 29. Bxc5 Ng4+ 30. Kh1 Qb8 31. d6 e5 32. Qc4 Qd8 33. g3 f4 34. Qe6 Qd7 35. Qxd7 Rxd7 36. Kg2 Rf8 37. Kf3 Nf6 38. gxf4 Nh5 39. Ke4 exf4 40. Kd5 f3 41. Kc6 Nf6 42. Rf1 Rdf7 43. Rxf3 Rc8+ 44. Nc7 Nd7 45. Rxf7 Ne5+ 46. Kb7 1-0


[Site "https://www.chess.com"]

[Event "Titled Tuesday Blitz March 14 Late 2023"]
[White "Dzierzak, Radoslaw"]
[Black "Yuan, Qingyu"]
[WhiteFideId "1161407"]
[BlackFideId "8609772"]
[WhiteElo "2166"]
[BlackElo "2359"]
[Result "0-1"]
[Round "01"]
[TimeControl "180+1"]
[Date "2023.03.14"]
[WhiteClock "0:00:38"]
[BlackClock "0:00:58"]

1. e4 e5 2. Nf3 Nc6 3. Bc4 Bc5 4. O-O Nf6 5. d3 O-O 6. Re1 d6 7. c3 a5 8. a4 h6 9. h3 Bb6 10. Bb3 Ne7 11. Na3 c6 12. Nc4 Bc7 13. Ne3 Ng6 14. Nf5 d5 15. Ng3 Re8 16. Be3 Be6 17. Bc5 Qd7 18. Qc2 Nf4 19. exd5 Bxh3 20. d6 Bxg2 21. Nh2 Qh3 22. f3 Qxg3 23. Qf2 Nh3# 0-1


[Site "https://www.chess.com"]

[Event "Titled Tuesday Blitz March 14 Late 2023"]
[White "Fernandez Guillen, Ernesto J."]
[Black "Mazurkiewicz, Michal"]
[WhiteFideId "3512428"]
[BlackFideId "1124943"]
[WhiteElo "2423"]
[BlackElo "2054"]
[Result "1/2-1/2"]
[Round "01"]
[TimeControl "180+1"]
[Date "2023.03.14"]
[WhiteClock "0:00:29"]
[BlackClock "0:00:17"]

1. e4 d6 2. d4 Nf6 3. Nc3 c6 4. f3 e5 5. dxe5 dxe5 6. Qxd8+ Kxd8 7. Bg5 Be6 8. O-O-O+ Kc7 9. f4 Bb4 10. Bxf6 gxf6 11. f5 Bxc3 12. fxe6 Bd4 13. exf7 Rf8 14. Bc4 Nd7 15. Nf3 Be3+ 16. Kb1 b5 17. Bb3 Nc5 18. Nh4 Nxe4 19. Nf5 Nd2+ 20. Rxd2 Bxd2 21. Ng7 e4 22. Ne6+ Kd6 23. Nxf8 Rxf8 24. c3 e3 25. Kc2 c5 26. a4 c4 27. Ba2 a6 28. b3 Rxf7 29. bxc4 bxc4 30. Bxc4 Rc7 31. Kd3 Ke5 32. Bxa6 Rxc3+ 33. Ke2 Ra3 34. Bb5 f5 35. Kf3 f4 36. Rb1 Bc3 37. Be8 Ra2 38. Bb5 Rf2+ 39. Kg4 Rxg2+ 40. Kh3 Rb2 41. Rxb2 Bxb2 42. Kg2 Bc3 43. Kf3 Kf5 44. h3 Ke5 45. Bd3 h6 46. Bb5 Bb4 47. Be2 Bd6 48. a5 Bb8 49. a6 Kd4 50. Bb5 Kc5 51. Be2 Kd4 52. Bf1 Ke5 53. Be2 Ba7 54. Bb5 Bb6 55. Be2 Ba7 56. Bf1 Kd4 57. Bb5 Ke5 58. Ke2 Ke4 59. Bc6+ Ke5 60. Bf3 Kd4 61. Bh1 Ke5 62. Kd3 Kf5 63. Bf3 Kg5 64. Ke4 Kh4 65. Kxf4 Kxh3 66. Bd1 Kg2 67. Kg4 Kf2 68. Kh5 Ke1 69. Bg4 e2 70. Bxe2 Kxe2 71. Kxh6 Kd3 72. Kg6 Kc4 73. Kf7 Kb5 74. Ke6 Kxa6 1/2-1/2


[Site "https://www.chess.com"]

[Event "Titled Tuesday Blitz March 14 Late 2023"]
[White "Fernandez Siles, Luis"]
[Black "Harvey, Marcus R"]
[WhiteFideId "2209420"]
[BlackFideId "400092"]
[WhiteElo "2186"]
[BlackElo "2457"]
[Result "0-1"]
[Round "01"]
[TimeControl "180+1"]
[Date "2023.03.14"]
[WhiteClock "0:00:46"]
[BlackClock "0:01:31"]

1. d4 Nf6 2. c4 e6 3. Nc3 Bb4 4. e3 O-O 5. Ne2 c6 6. g3 d5 7. a3 Ba5 8. b4 Bc7 9. c5 e5 10. Bg2 a5 11. Bd2 Bf5 12. b5 Qe7 13. b6 Bd8 14. O-O Nbd7 15. h3 h5 16. f4 exd4 17. Nxd4 Bd3 18. Re1 Nxc5 19. g4 hxg4 20. hxg4 Bxb6 21. g5 Nfe4 22. Ra2 Bc4 23. Nxe4 Nxe4 24. Qh5 Bxd4 25. exd4 Bxa2 26. f5 Qd6 27. Rxe4 dxe4 28. g6 fxg6 29. fxg6 Qxd4+ 30. Kh2 Rf2 31. Qh7+ Kf8 32. Qh8+ Bg8 33. Bh6 Qd6+ 0-1


[Site "https://www.chess.com"]

[Event "Titled Tuesday Blitz March 14 Late 2023"]
[White "Filgueiras, Nathan Felipe"]
[Black "Gubajdullin, Alexei"]
[WhiteFideId "2188562"]
[BlackFideId "4141202"]
[WhiteElo "2241"]
[BlackElo "2267"]
[Result "0-1"]
[Round "01"]
[TimeControl "180+1"]
[Date "2023.03.14"]
[WhiteClock "0:02:08"]
[BlackClock "0:01:57"]

1. e4 g6 2. d4 Bg7 3. c4 d6 4. Nc3 Nf6 5. Nf3 O-O 6. Be2 Na6 7. O-O e5 8. a3 Re8 9. dxe5 dxe5 10. Qxd8 Rxd8 11. Nxe5 Nxe4 12. Nxe4 Bxe5 13. Nc3 Nc5 14. Be3 Nb3 15. Rad1 Be6 16. Nd5 c6 17. Nc3 Nd4 18. Bxd4 Rxd4 19. Rxd4 Bxd4 20. Rd1 Be5 21. g3 a5 22. f4 Bg7 23. Kf2 Kf8 24. Na4 Ke7 25. b3 Rd8 26. Rxd8 Kxd8 27. Nc5 Bc8 28. a4 Bd4+ 0-1


[Site "https://www.chess.com"]

[Event "Titled Tuesday Blitz March 14 Late 2023"]
[White "Filgueiras, Nathan Felipe"]
[Black "Kozak, Adam"]
[WhiteFideId "2188562"]
[BlackFideId "753246"]
[WhiteElo "2241"]
[BlackElo "2469"]
[Result "0-1"]
[Round "01"]
[TimeControl "180+1"]
[Date "2023.03.14"]
[WhiteClock "0:00:02"]
[BlackClock "0:00:28"]

1. e4 c5 2. Nf3 Nf6 3. d4 Nxe4 4. d5 g6 5. Bd3 Nf6 6. c4 Bg7 7. O-O O-O 8. Nc3 d6 9. Bg5 Bg4 10. h3 Bxf3 11. Qxf3 Nbd7 12. Qe2 a6 13. Rfe1 Re8 14. Qd2 Rb8 15. a3 Qa5 16. Rab1 Qc7 17. Bf1 Kh8 18. b4 cxb4 19. axb4 b6 20. Ra1 Ra8 21. Ra4 Ne5 22. Qa2 h6 23. Be3 Nfd7 24. Bd4 Nf3+ 25. gxf3 Bxd4 26. Ne2 Bf6 27. f4 a5 28. Ng3 Kh7 29. Bd3 Rab8 30. Ne4 axb4 31. Rxb4 Nc5 32. Nxc5 bxc5 33. Rxb8 Rxb8 34. Rb1 Rb4 35. Kg2 Kg7 36. Rb3 Qb6 37. Bc2 Qd8 38. Bd3 Qb8 39. Bc2 Qc8 40. Bd3 Qd7 41. Qb1 Qb7 42. Bc2 Qb6 43. Rxb4 cxb4 44. Qb3 Bd4 45. Qf3 Qc5 46. Bb3 Bf6 47. f5 g5 48. Qd3 Qa5 49. h4 gxh4 50. Bc2 Qa1 51. Qf3 Qc3 52. Qxc3 bxc3 53. Kf3 Kf8 54. Kg4 Ke8 55. f4 Kd8 56. Kf3 Kc7 0-1


[Site "https://www.chess.com"]

[Event "Titled Tuesday Blitz March 14 Late 2023"]
[White "Fiorito, Francisco"]
[Black "Bogaudinov, Rushan"]
[WhiteFideId "180165"]
[BlackFideId "4129288"]
[WhiteElo "2341"]
[BlackElo "1949"]
[Result "1-0"]
[Round "01"]
[TimeControl "180+1"]
[Date "2023.03.14"]
[WhiteClock "0:00:41"]
[BlackClock "0:00:13"]

1. d4 d5 2. Nc3 Nf6 3. Bf4 a6 4. e3 e6 5. g4 Bb4 6. Ne2 c5 7. a3 Bxc3+ 8. Nxc3 cxd4 9. exd4 Nc6 10. g5 Ne4 11. Nxe4 dxe4 12. c3 O-O 13. Bg2 e5 14. dxe5 Bf5 15. Qxd8 Raxd8 16. O-O Rfe8 17. Rad1 Na5 18. Rd4 b5 19. Rfd1 Rxd4 20. Rxd4 Nc4 21. b3 Nxa3 22. Bxe4 Be6 23. b4 Nc4 24. Bc6 Rc8 25. Bb7 Rb8 26. Bxa6 g6 27. h4 Kg7 28. Rd1 Rb6 29. Ra1 Bd5 30. Kh2 Kf8 31. Bc8 Rb8 32. Bg4 Nb2 33. e6 Re8 34. Bd6+ Kg7 35. e7 Nc4 36. Bc5 Ne5 37. Kg3 f5 38. gxf6+ Kxf6 39. Ra6+ Kf7 40. Bd6 Nxg4 41. Kxg4 h5+ 42. Kf4 Bc4 43. Bc5 Rc8 44. Ke5 Re8 45. Rf6+ Kg7 46. Rf8 Bf7 47. Kd6 g5 48. Kd7 Rxf8 49. exf8=Q+ 1-0


[Site "https://www.chess.com"]

[Event "Titled Tuesday Blitz March 14 Late 2023"]
[White "Foerster-Yialamas, Lucas"]
[Black "Nazari, Arad"]
[WhiteFideId "30901774"]
[BlackFideId "12577324"]
[WhiteElo "2067"]
[BlackElo "2313"]
[Result "1/2-1/2"]
[Round "01"]
[TimeControl "180+1"]
[Date "2023.03.14"]
[WhiteClock "0:00:11"]
[BlackClock "0:00:10"]

1. e4 c5 2. Nf3 d6 3. d4 cxd4 4. Nxd4 Nf6 5. Nc3 a6 6. Bg5 Nbd7 7. f4 g6 8. Qf3 Bg7 9. O-O-O O-O 10. Kb1 Qa5 11. g4 Nc5 12. Bxf6 Bxf6 13. h4 Ne6 14. Nxe6 Bxe6 15. f5 Bxc3 16. fxe6 Be5 17. Bc4 fxe6 18. Bxe6+ Kg7 19. Qe3 Rf6 20. Bb3 Raf8 21. h5 Bf4 22. Qd4 g5 23. c3 h6 24. Rhf1 Be5 25. Qd3 Qc5 26. Rf5 Rxf5 27. gxf5 b5 28. a3 a5 29. Qd5 Qxd5 30. Bxd5 Kf6 31. Rg1 Rb8 32. Kc2 Bf4 33. b3 Ke5 34. Kd3 Rc8 35. c4 b4 36. axb4 axb4 37. Ra1 g4 38. Ra4 g3 39. Ke2 Rb8 40. Kf3 Rb6 41. Be6 Bg5 42. Kxg3 Kxe4 43. Kg4 Kd4 44. Ra7 Kc3 45. Rc7 Ra6 46. c5 dxc5 47. Rxc5+ Kb2 48. Rc4 Ka3 49. Rd4 Rc6 50. Bc4 Rc5 51. Re4 Rc7 52. Re6 Rd7 53. Kf3 Kb2 54. Ke4 Rd1 55. Rb6 Kc3 56. Rc6 Re1+ 57. Kd5 Kb2 58. Rb6 Kc3 59. Rc6 Kb2 60. Kc5 Bd2 61. Re6 Rxe6 62. Bxe6 Kc3 63. Kc6 Bg5 64. Kd7 Kd4 65. Bf7 Ke4 66. Bg6 Bf6 67. Ke6 Kd3 68. Kd7 Kd4 69. Bf7 Ke4 70. Bg6 Kf4 71. Ke8 Ke5 72. Kf8 Kd6 73. Kg8 Bg5 74. Kf7 Kc5 75. Kg7 Kd4 76. Bf7 Ke4 77. Be6 Kd3 78. Kg6 Kd4 79. Bf7 Ke5 80. Be6 Kf4 81. Bc4 Ke5 82. Be6 Kd6 83. Bc4 Kc7 84. Be6 Kd6 85. Bc4 Ke5 86. Be6 1/2-1/2


[Site "https://www.chess.com"]

[Event "Titled Tuesday Blitz March 14 Late 2023"]
[White "Galchenko, Matvey"]
[Black "Chan, Kim Yew"]
[WhiteFideId "24175480"]
[BlackFideId "5717981"]
[WhiteElo "2404"]
[BlackElo "2206"]
[Result "1-0"]
[Round "01"]
[TimeControl "180+1"]
[Date "2023.03.14"]
[WhiteClock "0:01:12"]
[BlackClock "0:00:01"]

1. f4 d5 2. Nf3 Nf6 3. g3 c5 4. Bg2 g6 5. O-O Bg7 6. d3 O-O 7. Nc3 Nc6 8. e4 dxe4 9. dxe4 e5 10. Qxd8 Rxd8 11. Nxe5 Nxe5 12. fxe5 Ng4 13. Bg5 Rf8 14. Be7 Re8 15. Bxc5 Bxe5 16. Nd5 b6 17. Ba3 Bd4+ 18. Kh1 Ba6 19. Rf4 h5 20. h3 Nf2+ 21. Kh2 Kg7 22. c3 Be5 23. Rxf2 h4 24. Rf3 hxg3+ 25. Kg1 Be2 26. Re3 Bc4 27. Rae1 Rad8 28. b3 Ba6 29. Be7 Rd7 30. Bh4 f5 31. Bxg3 Bxg3 32. Rxg3 Rxd5 33. c4 Rde5 34. Kf2 fxe4 35. Ke3 Bb7 36. Rd1 Rf8 37. Rd6 Rf6 38. Rd4 Ref5 39. Bxe4 Re5 40. Rd7+ Rf7 41. Rxg6+ Kf8 42. Rxf7+ Kxf7 43. Rg4 Kf6 44. Kd4 Bxe4 45. Rxe4 Rh5 46. h4 b5 47. c5 a5 48. c6 Rh8 49. Kc5 1-0


[Site "https://www.chess.com"]

[Event "Titled Tuesday Blitz March 14 Late 2023"]
[White "Garrido Dominguez, Jesus"]
[Black "Yeletsky, Ivan"]
[WhiteFideId "2254174"]
[BlackFideId "24180327"]
[WhiteElo "2385"]
[BlackElo "2414"]
[Result "0-1"]
[Round "01"]
[TimeControl "180+1"]
[Date "2023.03.14"]
[WhiteClock "0:00:13"]
[BlackClock "0:00:19"]

1. g3 h5 2. Bg2 h4 3. d4 e6 4. c4 d5 5. Nc3 dxc4 6. Qa4+ Nc6 7. Qxc4 Nxd4 8. Kf1 c6 9. Bf4 Nf5 10. Rd1 Qb6 11. g4 Nfe7 12. h3 Nf6 13. Be3 Qa5 14. b4 Qa3 15. Bg5 Ned5 16. Nxd5 exd5 17. Bxf6 gxf6 18. Qf4 Be7 19. e4 Qxb4 20. Ne2 dxe4 21. Bxe4 Be6 22. Kg2 Rg8 23. Rhe1 f5 24. Nd4 fxe4 25. Nxe6 fxe6 26. Rxe4 Qc5 27. Rxe6 Rf8 0-1


[Site "https://www.chess.com"]

[Event "Titled Tuesday Blitz March 14 Late 2023"]
[White "Gasparyan, David"]
[Black "Duda, Jan-Krzysztof"]
[WhiteFideId "13311980"]
[BlackFideId "1170546"]
[WhiteElo "2515"]
[BlackElo "2790"]
[Result "0-1"]
[Round "01"]
[TimeControl "180+1"]
[Date "2023.03.14"]
[WhiteClock "0:00:01"]
[BlackClock "0:00:36"]

1. Nf3 g6 2. g3 Bg7 3. Bg2 e5 4. d3 d5 5. O-O Ne7 6. Nbd2 O-O 7. c4 Nbc6 8. cxd5 Nxd5 9. Nc4 h6 10. Bd2 a5 11. Rc1 Re8 12. a3 a4 13. b3 axb3 14. Qxb3 Ra6 15. Rfd1 g5 16. Ne3 Nb6 17. Bc3 Be6 18. Nc4 Qc8 19. Qb5 Nxc4 20. dxc4 Rxa3 21. Nxe5 Rxc3 22. Rxc3 Nxe5 23. Bxb7 Qb8 24. c5 Bc4 25. Qb4 Bxe2 26. Ra1 Nf3+ 27. Kg2 Bxc3 28. Qxc3 Qxb7 29. c6 Qb5 0-1


[Site "https://www.chess.com"]

[Event "Titled Tuesday Blitz March 14 Late 2023"]
[White "Gatterer, Florian"]
[Black "Mahdavi, Reza"]
[WhiteFideId "811688"]
[BlackFideId "12595926"]
[WhiteElo "2221"]
[BlackElo "2208"]
[Result "0-1"]
[Round "01"]
[TimeControl "180+1"]
[Date "2023.03.14"]
[WhiteClock "0:00:28"]
[BlackClock "0:00:36"]

1. Nf3 Nf6 2. g3 g6 3. b3 Bg7 4. Bb2 O-O 5. Bg2 d6 6. d4 b5 7. O-O Bb7 8. c4 bxc4 9. bxc4 Nbd7 10. Nbd2 c5 11. d5 Rb8 12. Qc1 Qa5 13. Bc3 Qa4 14. Qd1 Nb6 15. Rb1 Qxd1 16. Rfxd1 Ba6 17. Bxf6 Bxf6 18. Rdc1 Na4 19. Ne4 Bg7 20. Nfd2 f5 21. Ng5 Nc3 22. Rxb8 Nxe2+ 23. Kf1 Nxc1 24. Rxf8+ Bxf8 25. a3 Nd3 26. Bf3 Bh6 27. h4 Bxg5 28. hxg5 Ne5 29. Be2 Kf7 30. f4 Nd7 31. Ke1 e6 32. dxe6+ Kxe6 33. Kd1 Nb6 34. Kc2 Kd7 35. Kc3 d5 36. g4 d4+ 37. Kc2 Ke6 38. Nb3 Nd7 39. Kd3 Bb7 40. Kd2 Be4 41. Bd1 Kd6 42. gxf5 Bxf5 43. Bc2 Bxc2 44. Kxc2 Nf8 45. Kd3 Ne6 46. Ke4 Ng7 47. Nc1 Nf5 48. Nd3 a5 49. Ne5 Ke6 50. Nd3 Nd6+ 51. Kf3 Nxc4 52. Nxc5+ Kd5 53. Nd7 Nxa3 54. Nf6+ Ke6 55. Nxh7 Nb5 56. Kg4 a4 57. f5+ gxf5+ 58. Kh5 d3 59. g6 d2 60. g7 d1=Q+ 61. Kg6 Qg4+ 62. Ng5+ Qxg5+ 63. Kxg5 Kf7 64. Kh6 Kg8 65. Kg6 a3 0-1


[Site "https://www.chess.com"]

[Event "Titled Tuesday Blitz March 14 Late 2023"]
[White "Golubev, Mikhail"]
[Black "Svane, Frederik"]
[WhiteFideId "14100983"]
[BlackFideId "12923044"]
[WhiteElo "2374"]
[BlackElo "2502"]
[Result "0-1"]
[Round "01"]
[TimeControl "180+1"]
[Date "2023.03.14"]
[WhiteClock "0:00:01"]
[BlackClock "0:00:22"]

1. e4 c5 2. Nf3 e6 3. d4 cxd4 4. Nxd4 Nc6 5. Nc3 a6 6. Be3 Nf6 7. Bd3 d5 8. exd5 Nxd5 9. Nxd5 Qxd5 10. O-O Nxd4 11. Bxd4 Bd7 12. Be2 Bc6 13. Bf3 Qd7 14. Bxc6 Qxc6 15. c3 Rd8 16. Qe2 Bc5 17. Bxc5 Qxc5 18. Rad1 O-O 19. Rxd8 Rxd8 20. Rd1 Rd5 21. Qf3 Rxd1+ 22. Qxd1 g5 23. h4 h6 24. hxg5 hxg5 25. Qf3 Qe7 26. Qg3 Kg7 27. f4 Qc5+ 28. Kh2 Kg6 29. fxg5 Qxg5 30. Qd3+ Qf5 31. Qg3+ Kf6 32. Qh4+ Qg5 33. Qh8+ Ke7 34. Qb8 Qh4+ 35. Kg1 Qe1+ 36. Kh2 Qe4 37. b3 Kf6 38. Qd8+ Kf5 39. Qe7 Kg6 40. c4 Qf4+ 41. Kh1 Qh6+ 42. Kg1 Qe3+ 43. Kh1 Qe1+ 44. Kh2 Qe5+ 45. Kh1 Qe4 46. Qd6 Kf5 47. Qe7 Kg6 48. Qd6 f5 49. Qd7 Kg5 50. Qg7+ Kf4 51. Qh6+ Kg3 52. Qg7+ Kf2 53. Qb2+ Ke3 54. Qc1+ Kd3 55. Qb1+ Kc3 56. Qc1+ Kb4 57. Qb2 e5 58. a3+ Kc5 59. Qc3 f4 60. b4+ Kc6 61. b5+ axb5 62. cxb5+ Kxb5 63. Qb3+ Kc5 64. Qc3+ Kd6 65. Qc8 Qd5 66. Kh2 Qf7 67. Qd8+ Ke6 68. Qb6+ Kf5 69. Qb1+ Kg5 70. Qb5 Kf6 71. Qb6+ Kf5 72. Qb5 Qh5+ 73. Kg1 Qf7 74. Kh2 Qc7 0-1


[Site "https://www.chess.com"]

[Event "Titled Tuesday Blitz March 14 Late 2023"]
[White "Guo, Josh"]
[Black "Papasimakopoulos, Alexandros"]
[WhiteFideId "2682427"]
[BlackFideId "4244125"]
[WhiteElo "2330"]
[BlackElo "2359"]
[Result "0-1"]
[Round "01"]
[TimeControl "180+1"]
[Date "2023.03.14"]
[WhiteClock "0:00:01"]
[BlackClock "0:00:20"]

1. e4 e6 2. d4 d5 3. e5 a6 4. Nf3 Bd7 5. Bg5 Be7 6. Bxe7 Nxe7 7. Be2 Bb5 8. O-O Bxe2 9. Qxe2 O-O 10. c4 Nd7 11. b3 dxc4 12. bxc4 c5 13. d5 exd5 14. e6 Nf6 15. exf7+ Kh8 16. cxd5 Nexd5 17. Nbd2 Rxf7 18. Rad1 Qe8 19. Qc4 Qb5 20. Qh4 Qb4 21. Qh3 Re7 22. Nb3 Rae8 23. Qf5 Nc3 24. Rd6 Qb5 25. Rxf6 Ne2+ 26. Kh1 Ng3+ 27. hxg3 Qxf1+ 28. Kh2 gxf6 29. Qxf6+ Kg8 30. Nxc5 Qc4 31. Nxb7 0-1


[Site "https://www.chess.com"]